 Dungeon Crawl Stone Soup version 0.29.1-13-g9f3cf754e1 (webtiles) character file.

Game seed: 3426850942667225786

5018 Oxelix the Arsonist (level 10, -10/63 HPs)
             Began as a Demonspawn Fire Elementalist on Jan 29, 2023.
             Was a Believer of Vehumet.
             Mangled by an orc warrior
             ... wielding a +0 glaive
              (16 damage)
             ... in a bailey.
             The game lasted 00:28:18 (10437 turns).

Oxelix the Arsonist (Demonspawn Fire Elementalist) Turns: 10437, Time: 00:28:19

Health: -10/63     AC: 12    Str:  8    XL:     10   Next: 30%
Magic:  20/20      EV:  9    Int: 21    God:    Vehumet [**....]
Gold:   326        SH: 17    Dex: 14    Spells: 16/23 levels left

rFire   + + +      SeeInvis +   F - +5 dagger of Filigreed Courage {flame, Will+}
rCold   + . .      Faith    .   g - +9 kite shield of Watchfulness {rF+++ rC- Slay+2}
rNeg    . . .      Spirit   .   m - +3 leather armour "Arullaemo" {Will+ Regen+}
rPois   +          Reflect  .   H - +1 helmet {SInv}
rElec   .          Harm     .   I - +0 cloak {rPois}
rCorr   .          Rampage  .   (no gloves)
Will    ++...                   w - +2 pair of boots
Stlth   ++........              j - amulet of regeneration
HPRegen 1.80/turn               v - ring of protection from cold
MPRegen 0.17/turn               a - ring of protection from cold

@: hasted, very quick
A: claws 1, powered by death 2, powered by pain 2
a: Renounce Religion


You were in a bailey.
You worshipped Vehumet.
Vehumet was pleased with you.
You visited 2 branches of the dungeon, and saw 10 of its levels.
You also visited: Bailey.

You collected 582 gold pieces.
You spent 256 gold pieces at shops.

Inventory:

Hand Weapons
 F - the +5 dagger of Filigreed Courage (weapon) {flame, Will+}
   (You found it on level 3 of the Dungeon)

   It burns those it strikes, dealing additional fire damage.
   Will:      It increases your willpower.
Missiles
 u - 5 javelins
Armour
 g - the +9 kite shield of Watchfulness (worn) {rF+++ rC- Slay+2}
   (You found it on level 7 of the Dungeon)

   Slay:      It affects your accuracy & damage with ranged weapons and melee
   (+2).
   rF:        It renders you almost immune to fire.
   rC:        It makes you vulnerable to cold.
 m - the +3 leather armour "Arullaemo" (worn) {Will+ Regen+}
   (You found it on level 2 of the Dungeon)

   Regen:     It increases your rate of health regeneration.
   Will:      It increases your willpower.
 w - a +2 pair of boots (worn)
 H - a +1 helmet of see invisible (worn)
 I - a +0 cloak of poison resistance (worn)
Jewellery
 a - a ring of protection from cold (right claw)
 j - an amulet of regeneration (around neck)
 v - a ring of protection from cold (left claw)
 y - a ring of protection from cold
Wands
 k - a wand of flame (24)
 n - a wand of paralysis (9)
 z - a wand of iceblast (10)
 G - a wand of digging (4)
Scrolls
 c - a scroll of immolation {unknown}
 d - 4 scrolls of teleportation
 e - a scroll of butterflies {unknown}
 i - 3 scrolls of identify {unknown}
 l - a scroll of magic mapping {unknown}
 o - a scroll of enchant weapon {unknown}
 q - a scroll of vulnerability
 s - a scroll of fear
 x - 2 scrolls of enchant armour
 B - a scroll of silence {unknown}
 C - a scroll of amnesia {unknown}
 E - a scroll of poison {unknown}
Potions
 b - 4 potions of magic
 f - 3 potions of curing {unknown}
 h - 3 potions of attraction {unknown}
 p - 2 potions of haste
 r - 2 potions of brilliance {unknown}
 t - 3 potions of mutation {unknown}
 A - 4 potions of lignification {unknown}
 D - 2 potions of heal wounds {unknown}
 J - a potion of invisibility {unknown}
 K - a potion of resistance {unknown}


   Skills:
 - Level 1.7 Dodging
 - Level 1.7 Stealth
 - Level 2.4 Shields
 + Level 7.1 Spellcasting
 + Level 7.4 Conjurations
 * Level 10.1 Fire Magic


You had 16 spell levels left.
You knew the following spells:

 Your Spells              Type           Power      Damage    Failure   Level
a - Foxfire               Conj/Fire      100%       2x1d9     1%          1
b - Scorch                Fire           100%       2d10      1%          2
c - Flame Wave            Conj/Fire      44%        2d11      11%         4

Your spell library contained the following spells:

 Spells                   Type           Power      Damage    Failure   Level
 Shock                    Conj/Air       92%        1d8       9%          1
 Conjure Flame            Conj/Fire      44%        6-21      3%          3
 Inner Flame              Hex/Fire       28%        N/A       16%         3
 Apportation              Tloc           14%        N/A       38%         1
 Necrotise                Necr           28%        1d5       38%         1
 Summon Small Mammal      Summ           28%        N/A       38%         1
 Call Canine Familiar     Summ           7%         N/A       77%         3
 Summon Guardian Golem    Hex/Summ       7%         N/A       77%         3
 Irradiate                Conj/Tmut      11%        3d15      94%         5
 Blade Hands              Tmut           3%         N/A       100%        5
 Dragon Form              Tmut           3%         N/A       100%        7


Dungeon Overview and Level Annotations

Branches:
Dungeon (9/15)             Temple (1/1) D:7          Bailey (1/1)
   Lair: D:8-11         Orc: D:9-12

Altars:
Ashenzari
Cheibriados
Dithmenos
Fedhas
Gozag
Hepliaklqana
Kikubaaqudgha
Makhleb
Nemelex Xobeh
Okawaru
Ru
Trog
Vehumet
Wu Jian
Xom
Yredelemnul

Shops:
D:2 *   D:8 [

Annotations:
D:6 1 runed translucent door


Innate Abilities, Weirdness & Mutations

You have sharp fingernails.
You regenerate health from kills.
You sometimes gain power by taking damage.


Message History

You hear a shout! x2
The foxfire hits the orc warrior.
The orc warrior is almost dead.
The orc warrior hits you from afar with a +0 glaive.
The orc knight closely misses you.
The foxfire hits the orc warrior but does no damage.
The orc warrior is almost dead.
Casting: Scorch (safe; 1% risk of failure)
Confirm with . or Enter, or press ? or * to list all spells.
Flames lash the orc knight.
The orc knight is burned terribly!
The orc knight is heavily wounded.
An orc warrior comes into view. It is wielding a +4 glaive.
The orc warrior hits you from afar with a +0 glaive!
You block the orc knight's attack.
You conjure some foxfire!
You block the orc warrior's attack. The orc knight closely misses you.
You conjure some foxfire!
The foxfire hits the orc warrior.
The orc warrior is almost dead.
An orc warrior comes into view. It is wielding a +0 trident.
You block the orc warrior's attack. You block the orc knight's attack.
You conjure some foxfire!
The foxfire hits the orc warrior but does no damage.
The orc warrior is almost dead.
The orc warrior hits you from afar with a +0 glaive!!
You focus on the pain.
You feel your power returning.
The orc knight hits you from afar with a +0 bardiche!!
Ouch! That really hurt!
* * * LOW HITPOINT WARNING * * *
You focus on the pain.
You feel your power returning.
The foxfire hits the orc warrior but does no damage.
The orc warrior is almost dead.
The foxfire hits the orc warrior but does no damage.
The orc warrior is almost dead.
The foxfire hits the orc warrior.
The orc warrior is almost dead.
The foxfire hits the orc warrior but does no damage.
The orc warrior is almost dead.
You feel yourself speed up.
The orc warrior hits you from afar with a +0 glaive!
You die...

#.......#
#.......#
#...o...#
#.......#
.......#
#.o...#
#'oo''#
##§§...##
#§§@....#
#.......#
#.......#
#..#.#).#
#.))))..#
##..)..##
##'''##
#.....#
#.....#


You could see an orc knight (combustible) and 3 orc warriors.

Vanquished Creatures
  The ghost of vvl the Digger, a novice DsEE (D:6)
  Grinder (D:5)
  4 yaks (D:8)
  A steam dragon (D:7)
  An acid dragon (D:9)
  2 water moccasins
  An ice beast (D:8)
  3 black bears (D:5)
  6 orc warriors
  An ogre (D:4)
  3 centaurs
  The ghost of Zantyr the Magician, an amateur GnHW (D:3)
  2 phantoms
  7 bullfrogs
  3 necrophages
  4 scorpions
  2 howler monkeys
  5 jellies
  3 hounds
  4 orc priests
  4 iguanas
  17 orc wizards
  7 adders
  A river rat (D:6)
  A shadow imp (D:6)
  2 white imps (D:7)
  6 worms
  4 dart slugs
  46 orcs
  10 bats
  12 endoplasms
  A giant cockroach (D:4)
  6 goblins
  13 hobgoblins
  4 jackals (D:4)
  7 quokkas
  7 ball pythons
  3 frilled lizards
  5 kobolds
  4 rats
215 creatures vanquished.

Vanquished Creatures (collateral kills)
  4 foxfires (D:2)
4 creatures vanquished.

Vanquished Creatures (others)
  2 orcs (D:8)
  858 foxfires
  2 plants (D:2)
  2 withered plants (D:3)
864 creatures vanquished.

Grand Total: 1083 creatures vanquished

Notes
Turn   | Place    | Note
-------+----------+-------------------------------------------
     0 | D:1      | Oxelix the Demonspawn Fire Elementalist began the quest for
                  | the Orb.
     0 | D:1      | Reached XP level 1. HP: 13/13 MP: 3/3
   510 | D:1      | Reached skill level 3 in Fire Magic
   522 | D:1      | Gained mutation: You regenerate a little health from kills.
                  | [demonic ancestry]
   522 | D:1      | Reached XP level 2. HP: 19/19 MP: 1/5
  1238 | D:1      | Reached XP level 3. HP: 24/24 MP: 2/6
  1616 | D:2      | Learned a level 2 spell: Scorch
  1776 | D:2      | Found a blossoming altar of Fedhas.
  1854 | D:2      | Found a faded altar of an unknown god.
  2008 | D:2      | Gained mutation: You regenerate health from kills. [demonic
                  | ancestry]
  2008 | D:2      | Reached XP level 4. HP: 30/30 MP: 1/7
  2277 | D:2      | Identified the +3 leather armour "Arullaemo" {Will+ Regen+}
  2388 | D:2      | Found Aplasac's Assorted Antiques.
  2396 | D:2      | Bought 3 scrolls labelled JUOMOKHIKH for 78 gold pieces
  2396 | D:2      | Bought a scroll labelled UCUBLI OREE for 26 gold pieces
  2396 | D:2      | Bought a scroll labelled JUOMOKHIKH for 26 gold pieces
  2479 | D:2      | Reached skill level 4 in Fire Magic
  3513 | D:3      | Found a runed translucent door.
  3514 | D:3      | Noticed Zantyr's ghost (amateur GnHW)
  3892 | D:4      | Noticed an ogre
  3895 | D:4      | Killed an ogre
  3896 | D:4      | Reached XP level 5. HP: 35/35 MP: 0/9
  4414 | D:4      | Gained mutation: You have sharp fingernails. [demonic
                  | ancestry]
  4414 | D:4      | Reached XP level 6. HP: 41/41 MP: 5/11
  4589 | D:4      | You fall into a shaft and drop 2 floors!
  4621 | D:6      | Reached skill level 5 in Fire Magic
  4686 | D:6      | Found a runed translucent door.
  4689 | D:6      | Noticed vvl's ghost (novice DsEE)
  4709 | D:6      | Found a sparkling altar of Nemelex Xobeh.
  4711 | D:6      | Found a runed translucent door.
  4825 | D:6      | Reached XP level 7. HP: 28/46 MP: 4/12
  5110 | D:6      | Reached skill level 6 in Fire Magic
  5168 | D:5      | Entered Level 5 of the Dungeon
  5360 | D:5      | Reached XP level 8. HP: 39/52 MP: 0/14
  5908 | D:5      | Noticed Grinder
  5915 | D:5      | Killed Grinder
  5916 | D:5      | Reached skill level 5 in Spellcasting
  5916 | D:5      | Reached skill level 5 in Conjurations
  5916 | D:5      | Reached skill level 7 in Fire Magic
  5921 | D:5      | Learned a level 4 spell: Flame Wave
  6550 | D:5      | Reached skill level 8 in Fire Magic
  6926 | D:3      | Killed Zantyr's ghost
  6930 | D:3      | Identified the +5 dagger of Filigreed Courage {flame,
                  | Will+}
  7174 | D:6      | Gained mutation: You sometimes gain a little power by
                  | taking damage. [demonic ancestry]
  7174 | D:6      | Reached XP level 9. HP: 57/57 MP: 7/17
  7253 | D:6      | Killed vvl's ghost
  7646 | D:7      | Identified the +9 kite shield of Watchfulness {rF+++ rC-
                  | Slay+2}
  7986 | D:7      | Found a staircase to the Ecumenical Temple.
  8107 | D:7      | Reached skill level 1 in Shields
  8109 | Temple   | Entered the Ecumenical Temple
  8233 | Temple   | Became a worshipper of Vehumet
  8426 | D:8      | Reached skill level 9 in Fire Magic
  8669 | D:8      | Found Unkorghi's Armour Emporium.
  8676 | D:8      | Bought a +0 helmet of see invisible for 126 gold pieces
  9291 | D:8      | Reached * piety under Vehumet
  9291 | D:8      | Offered knowledge of Sandblast by Vehumet.
  9292 | D:8      | Gained mutation: You sometimes gain power by taking damage.
                  | [demonic ancestry]
  9292 | D:8      | Reached XP level 10. HP: 63/63 MP: 8/20
  9437 | D:8      | Found a snail-covered altar of Cheibriados.
  9440 | D:8      | Found an opulent altar of Gozag.
  9443 | D:8      | Found a sacrificial altar of Ru.
  9994 | D:9      | Found a flagged portal.
 10007 | D:9      | Reached skill level 10 in Fire Magic
 10034 | Bailey   | Entered a bailey
 10324 | Bailey   | Offered knowledge of Shock by Vehumet.
 10327 | Bailey   | Reached ** piety under Vehumet
 10425 | Bailey   | Noticed an orc knight
 10435 | Bailey   | HP: 3/63 [orc knight/+0 bardiche (34)]
 10437 | Bailey   | Mangled by an orc warrior

Illustrated notes

Levels and vault maps discovered:
D:1:      dpeg_arrival_stonehenge_8_columns, layout_loops_corners,
          eino_curves_01
D:2:      cheibrodos_greedy_goblins, layout_rooms, ebering_ecumenical_altar_box,
          serial_forest, infiniplex_forest_straight_2,
          infiniplex_forest_zigzag_2, infiniplex_forest_clump_tiny,
          infiniplex_forest_straight_4, infiniplex_forest_lined_corner,
          infiniplex_forest_zigzag_1, infiniplex_forest_zigzag_2,
          infiniplex_forest_join, serial_shops, nicolae_shop_overgrown_old_shop,
          basic_altar
D:3:      layout_basic, gammafunk_ghost_grave, serial_park_tiny_pond
D:4:      layout_loops_ring, minmay_misc_feat_tiny
D:5:      layout_rooms, minivault_14, chequers_serial_rivers_micro_d,
          kennysheep_path_1, uniq_grinder
D:6:      layout_gridville, mainiacjoe_overflow_chevrons, ebering_ghost_sewer_f,
          grunt_ministairs_15
D:7:      layout_loops_ring, minmay_temple_entry_statues, corexii_corridor_pit,
          minmay_between
D:8:      minmay_flawed_box, layout_basic, nicolae_overflow_crystal_walls,
          nicolae_overflow_hidden_temple, serial_shops, shop, serial_aquarium,
          aquarium_bridge_straight [aquarium_subvault_bridge,
          aquarium_subvault_window, aquarium_subvault_bridge,
          aquarium_subvault_window], aquarium_window_1, aquarium_window_1,
          aquarium_window_fake, aquarium_view_2b, aquarium_view_2g,
          aquarium_pool_five
D:9:      layout_stronghold, grunt_temple_overflow_cloverleaf, enter_bailey_2,
          serial_shops, nicolae_shop_crystal
Temple:   cyrus_circular_temple
Bailey:   bailey_polearm_5, bailey

Skill      XL: |  1  2  3  4  5  6  7  8  9 10 |
---------------+-------------------------------+-----
Fire Magic     | 3 4 5 6 8 9 10 | 10.1
Conjurations   | 2 3 4 5 7 |  7.4
Spellcasting   | 3 4 5 6 7 |  7.1
Shields        | 2 |  2.4
Dodging        | |  1.7
Stealth        | |  1.7

Action                   |  1- 3 |  4- 6 |  7- 9 | 10-12 || total
-------------------------+-------+-------+-------+-------++-------
Melee: Unarmed           |    12 |       |       |       ||    12
       Dagger            |    21 |    56 |    71 |    14 ||   162
Throw: Javelin           |       |       |       |     1 ||     1
 Cast: Foxfire           |    79 |   104 |   229 |   103 ||   515
       Scorch            |       |     9 |    26 |     2 ||    37
       Flame Wave        |       |       |     4 |       ||     4
  Use: Scroll            |       |       |     6 |       ||     6
       Potion            |       |       |       |     1 ||     1
 Stab: Sleeping          |     1 |     2 |     1 |       ||     4
Armor: Robe              |     9 |     3 |       |       ||    12
       Leather armour    |       |    27 |    49 |     8 ||    84
Dodge: Dodged            |    16 |    43 |    44 |    19 ||   122
Block: Kite shield       |       |       |    34 |    65 ||    99
